 Dungeon Crawl Stone Soup version 0.27-a0-1140-g099f9bb0e8 (webtiles) character file.

Game seed: 18103515571939340962

23 Zeld the Shield-Bearer (level 2, 0/21 HPs)
             Began as an Octopode Fighter on May 9, 2021.
             Killed from afar by a dart slug (3 damage)
             ... with a slug dart
             ... on level 2 of the Dungeon.
             The game lasted 00:02:18 (1211 turns).

Zeld the Shield-Bearer (Octopode Fighter)           Turns: 1211, Time: 00:02:19

Health: 0/21       AC:  1    Str: 15    XL:     2   Next: 95%
Magic:  2/2        EV: 11    Int: 10    God:
Gold:   98         SH:  8    Dex: 11    Spells: 1/1 levels left

rFire    . . .     SeeInvis .   a - +0 war axe
rCold    . . .     Faith    .   b - +0 kite shield
rNeg     . . .     Spirit   .   (helmet restricted)
rPois    .         Reflect  .   (no amulet)
rElec    .         Harm     .   (no ring)
rCorr    .         Rampage  .   (no ring)
Will     .....                  (no ring)
Stlth    ++........             (no ring)
HPRegen  0.07/turn              (no ring)
MPRegen  0.08/turn              (no ring)
                                (no ring)
                                (no ring)

@: no status effects
A: almost no armour, amphibious, 8 rings, camouflage 1, gelatinous body 1,
(nimble swimmer 1), tentacles
a: no special abilities


You were on level 2 of the Dungeon.
You visited 1 branch of the dungeon, and saw 2 of its levels.

You collected 98 gold pieces.

Inventory:

Hand Weapons
 a - a +0 war axe (weapon)
Missiles
 f - 13 poisoned darts (quivered)
Armour
 b - a +0 kite shield (worn)
Scrolls
 e - 2 scrolls of enchant armour {unknown}
 h - 2 scrolls of blinking {unknown}
Potions
 c - 2 potions of might
 d - a potion of curing {unknown}
 g - a potion of brilliance {unknown}
 i - 2 potions of heal wounds {unknown}


   Skills:
 - Level 3.0 Fighting
 - Level 2.0 Axes
 * Level 2.3 Throwing
 - Level 3.0 Dodging
 - Level 3.0 Shields


You had one spell level left.
You didn't know any spells.
Your spell library contained the following spells:

 Spells                   Type           Power      Damage    Failure   Level
 Summon Small Mammal      Summ           0%         N/A       87%         1
 Call Imp                 Summ           0%         N/A       95%         2
 Call Canine Familiar     Summ           0%         N/A       99%         3
 Summon Guardian Golem    Hex/Summ       0%         N/A       99%         3
 Summon Ice Beast         Ice/Summ       0%         N/A       100%        4
 Summon Lightning Spire   Summ/Air       0%         N/A       100%        4


Dungeon Overview and Level Annotations

Branches:
Dungeon (2/15)

Altars:

Shops:
D:2 *=

Annotations:
D:2 Terence


Innate Abilities, Weirdness & Mutations

You cannot wear most types of armour.
You are amphibious.
You can wear up to eight rings at the same time.
Your skin changes colour to match your surroundings (Stealth+).
Your rubbery body absorbs attacks. (AC +1, EV +1)
((You are camouflaged near water. (Stealth+)))
You have tentacles for arms and can constrict up to eight enemies at once.


Message History

No target in view!
No target in view!
Found an escape hatch in the floor.
No target in view!
You see here a +0 dagger.
There is an escape hatch in the floor here.
Found a ring mail.
e - 2 scrolls labelled HAUDEXU ONT (gained 1)
h - 2 scrolls labelled APNIXTO VARGHYTATT (gained 1)
You open the door.
There is an open door here.
You open the door.
Found Qomoebu's Jewellery Shoppe.
There is an open door here.
There is an entrance to Qomoebu's Jewellery Shoppe here.
Found a stone staircase leading down.
Terence and a dart slug come into view.
Terence shouts!
Found Zuxtoere's Assorted Antiques.
Terence hits you with a +0 short sword.
You hit Terence but do no damage. You grab Terence. You constrict Terence.
Terence hits you with a +0 short sword.
You hit Terence but do no damage.
Terence is lightly wounded.
You constrict Terence, but do no damage.
Terence hits you with a +0 short sword. Terence hits you with a +0 short sword!
* * * LOW HITPOINT WARNING * * *
Unknown command.
You release your grip on Terence.
There is an open door here.
You see here a +0 ring mail.
Unknown command.
Terence shouts, "Now you die!"
A hobgoblin comes into view.
The hobgoblin shouts!
The dart slug launches a dart at you. You block the slug dart.
The hobgoblin moves out of view.
The dart slug launches a dart at you. The slug dart hits you.
You die...

.......#....#.##....# #.
....w..#....'..'....# #.
..PPP..#....#[##....#########.
...∩P..#w#.∩#.w.............+.
..P.P....#..#..##.#######...#.
.........#..#..##.#..##.......
#........#..#..##.#.).........
.........#..#..##.#..##.######
##...........@.@..>...........
#>..................##.######
...............##.....#.#
.....#.#....#..##.......#
.......g............
.#....##.##.#.###.## #....
#....... .# .... #....##.. #


You could see Terence, a dart slug and a hobgoblin.

Vanquished Creatures
  A dart slug (D:1)
  5 endoplasms
  A goblin (D:1)
  2 quokkas
  2 ball pythons (D:1)
  3 bats (D:1)
  4 kobolds
  A rat (D:1)
19 creatures vanquished.

Vanquished Creatures (others)
  102 plants (D:1)
102 creatures vanquished.

Grand Total: 121 creatures vanquished

Notes
Turn   | Place    | Note
-------+----------+-------------------------------------------
     0 | D:1      | Zeld the Octopode Fighter began the quest for the Orb.
     0 | D:1      | Reached XP level 1. HP: 16/16 MP: 1/1
   349 | D:1      | Reached skill level 1 in Throwing
   395 | D:1      | Reached XP level 2. HP: 21/21 MP: 2/2
  1023 | D:1      | Found a faded altar of an unknown god.
  1185 | D:2      | Found Qomoebu's Jewellery Shoppe.
  1191 | D:2      | Found Zuxtoere's Assorted Antiques.
  1191 | D:2      | Noticed Terence
  1211 | D:2      | Killed from afar by a dart slug

Illustrated notes

Levels and vault maps discovered:
D:1:      roderic_crop_circles_arrival_small, layout_basic,
          shapermc_ecumenical_altar_mp_urbaneastern, minmay_tetromino_s4
D:2:      layout_basic, serial_shops, nicolae_shop_overgrown_old_shop,
          nicolae_shop_stone, shop, shop_fountains, shop, minmay_misc_feat_iff,
          minmay_joined_circles, uniq_crazy_yiuf_cottage, uniq_terence

Skill      XL: |  1  2 |
---------------+-------+-----
Throwing       | 1 2 |  2.3
Fighting       | |  3.0
Axes           | |  2.0
Dodging        | |  3.0
Shields        | |  3.0

Action                   || total
-------------------------++-------
Melee: War axe           ||    66
       Constrict         ||    38
       Tentacles         ||    12
 Stab: Sleeping          ||     4
Armor: Skin              ||     7
Dodge: Dodged            ||    10
Block: Kite shield       ||    15

Table legend: (Time is in decaauts)
 A = Elapsed time spent in this place.
 B = Non-inter-level travel time spent in this place.
 C = Inter-level travel time spent in this place.
 D = Time resting spent in this place.
 E = Time spent auto-exploring this place.
 F = Levels seen in this place.
 G = Mean time per level.
                   A        B        C        D        E       F      G
               +--------+--------+--------+--------+--------+-----+--------+
         Total |   1252 |   1243 |      9 |      0 |    956 |   2 |  626.0 |
       Dungeon |   1252 |   1243 |      9 |      0 |    956 |   2 |  626.0 |
               +--------+--------+--------+--------+--------+-----+--------+

Top non-repeatable levels by time:
     D:1: 1087 daAuts
     D:2: 165 daAuts
